 Dungeon Crawl Stone Soup version 0.31-a0-237-g2d982f9f85 (webtiles) character file.

Game seed: 18174539917007724739

44 qw the Shooter (level 3, -4/29 HPs)
             Began as a Minotaur Hexslinger on July 10, 2023.
             Slain by Terence
             ... wielding a +0 trident
              (6 damage)
             ... on level 2 of the Dungeon.
             The game lasted 00:00:19 (1031 turns).

qw the Shooter (Minotaur Hexslinger)                Turns: 1031, Time: 00:00:19

Health: -4/29      AC:  2    Str:  9 (12) XL:     3   Next: 39%
Magic:  3/3        EV: 12    Int:  7 (10) God:
Gold:   110        SH:  0    Dex: 12 (14) Spells: 3/4 levels left

rFire   . . .        Y - +1 sling
rCold   . . .        (no shield)
rNeg    . . .        c - +0 robe
rPois   .            (helmet restricted)
rElec   .            (no cloak)
rCorr   .            (no gloves)
SInv    .            (no boots)
Will    .....        (no amulet)
Stlth   +            (no ring)
HPRegen 0.24/turn    (no ring)
MPRegen 0.08/turn

%: no passive effects
@: no status effects
A: horns 2, retaliatory headbutt
a: no special abilities


You were on level 2 of the Dungeon.
You visited 1 branch of the dungeon, and saw 2 of its levels.

You collected 110 gold pieces.


Innate Abilities, Weirdness & Mutations

You have a pair of horns on your head.
You reflexively headbutt those who attack you in melee.


   Skills:
 - Level 2.0 Fighting
 + Level 3.9 Ranged Weapons
 - Level 2.1 Dodging
 - Level 1.0 Spellcasting
 - Level 2.0 Hexes


You had 3 spell levels left.
You knew the following spells:

 Your Spells              Type           Power      Damage    Failure   Level
a - Slow                  Hex            12%        N/A       19%         1

Your spell library contained the following spells:

 Spells                   Type           Power      Damage    Failure   Level
 Inner Flame              Hex/Fire       1%         N/A       63%         3
 Portal Projectile        Hex/Tloc       2%         N/A       63%         3
 Cause Fear               Hex            1%         N/A       88%         4

Inventory:

Hand Weapons
 Y - a +1 sling (weapon)
Armour
 c - a +0 robe (worn)
 e - a +0 pair of boots
Scrolls
 b - a scroll of blinking {unknown}
 f - a scroll of identify
Potions
 a - 2 potions of resistance {unknown}
 d - a potion of haste
 g - a potion of might {unknown}

Dungeon Overview and Level Annotations

Branches:
Dungeon (2/15)

Altars:

Annotations:
D:2 Terence


Message History

Found 6 stones.
e - a +0 pair of boots
Found a stone staircase leading down.
You now have 110 gold pieces (gained 9).
There is a stone staircase leading down here.
Terence and an adder come into view.
The adder hisses angrily.
The adder moves out of view.
You shoot a sling bullet. The sling bullet hits Terence.
Terence is lightly wounded.
Terence hits you from afar with a +0 trident!
You shoot a sling bullet.
The sling bullet hits Terence but does no damage.
Terence is lightly wounded.
Terence closely misses you.
You shoot a sling bullet.
The sling bullet hits Terence but does no damage.
Terence is lightly wounded.
Terence hits you from afar with a +0 trident.
Terence hits you from afar with a +0 trident!
You shoot a sling bullet. The sling bullet barely misses Terence.
Terence hits you from afar with a +0 trident.
You shoot a sling bullet. The sling bullet hits Terence.
Terence is moderately wounded.
Terence misses you.
You shoot a sling bullet.
The sling bullet closely misses Terence.
Terence completely misses you.
You shoot a sling bullet. The sling bullet hits Terence.
Terence is severely wounded.
Terence hits you from afar with a +0 trident.
You shoot a sling bullet.
The sling bullet hits Terence but does no damage.
Terence is severely wounded.
Terence hits you from afar with a +0 trident.
Terence barely misses you.
You shoot a sling bullet.
The sling bullet completely misses Terence.
Terence hits you from afar with a +0 trident.
You die...

.##.. .##.# .# .##.# .#
.##.######. ##.
.##........#.######..
.##..........S@..##.#
.##...# #@##.# .##...#
#>##.### ......# #......#
>##.#.# .#......####
.##.#.########.#.........#
.##.#.<...............##.###
###......?.....#...........#
#.#.##########..###......#.
#.#.# #..# #....(...


You could see Terence and an adder.

Vanquished Creatures
  Jessica (D:2)
  2 endoplasms (D:1)
  2 giant cockroaches
  A goblin (D:1)
  2 hobgoblins (D:1)
  A ball python (D:1)
  4 bats (D:1)
  A frilled lizard (D:1)
  2 kobolds (D:1)
  3 rats (D:1)
19 creatures vanquished.

Notes
Turn   | Place    | Note
-------+----------+-------------------------------------------
     0 | D:1      | qw the Minotaur Hexslinger began the quest for the Orb.
     0 | D:1      | Reached XP level 1. HP: 16/16 MP: 1/1
     0 | D:1      | 0 ||| qw: Version: 0.3-a-52-g30416fa
     0 | D:1      | 0 ||| qw: Game counter: 4977
     0 | D:1      | 0 ||| qw: Melee chars always use a shield: true
     0 | D:1      | 0 ||| qw: God list: Okawaru
     0 | D:1      | 0 ||| qw: Allow faded altars: false
     0 | D:1      | 0 ||| qw: Do Orc after clearing Dungeon:15 true
     0 | D:1      | 0 ||| qw: Do second Lair branch before Depths: true
     0 | D:1      | 0 ||| qw: Lair rune preference: random
     0 | D:1      | 0 ||| qw: Goals: Normal
     0 | D:1      | 0 ||| PLANNING D:1-11
   398 | D:1      | Reached skill level 3 in Ranged Weapons
   408 | D:1      | Reached XP level 2. HP: 23/23 MP: 2/2
   775 | D:1      | 775 ||| READING scroll labelled BEOBUM MOCAIZ.
   779 | D:1      | 779 ||| READING 2 scrolls labelled NUEX QYHOAJUTE.
   780 | D:1      | 780 ||| DRINKING 2 inky potions.
   781 | D:1      | 781 ||| DRINKING 2 smoky silvery potions.
   782 | D:1      | 782 ||| DROPPING scroll of poison.
   783 | D:1      | 783 ||| DROPPING potion of degeneration.
   857 | D:2      | Noticed Jessica
   868 | D:2      | Killed Jessica
   869 | D:2      | Reached XP level 3. HP: 29/29 MP: 3/3
  1022 | D:2      | Noticed Terence
  1026 | D:2      | HP: 6/29 [Terence/+0 trident (5)]
  1030 | D:2      | HP: 2/29 [Terence/+0 trident (2)]
  1031 | D:2      | Slain by Terence

Levels and vault maps discovered:
D:1:      dpeg_arrival_rooms_with_view, layout_loops_corners
D:2:      layout_loops_ring, uniq_jessica, uniq_crazy_yiuf_cottage,
          uniq_sigmund, uniq_terence

Skill      XL: |  1  2 |
---------------+-------+-----
Ranged Weapons | 3 |  3.9
Fighting       | 2 |  2.0
Dodging        | |  2.1
Spellcasting   | |  1.0
Hexes          | |  2.0

Action                     || total
---------------------------++-------
   Fire: Sling             ||    68
    Use: Scroll            ||     2
         Potion            ||     2
 Armour: Robe              ||     9
  Dodge: Dodged            ||    19

Table legend:
 A = Non-vault XP
 B = Vault XP
 C = Vault XP percentage of total XP
 D = Non-vault monster count
 E = Vault monster count
 F = Vault count percentage of total count
                 A         B        C        D         E       F
            +---------+---------+-------+---------+---------+-------
      Total |      23 |      40 |  63.5 |      16 |       3 |  15.8
            +---------+---------+-------+---------+---------+-------
        D:1 |      21 |       3 |  12.5 |      15 |       2 |  11.8
        D:2 |       2 |      37 |  94.9 |       1 |       1 |  50.0
            +---------+---------+-------+---------+---------+-------
